Map: Port Aleksander LE

Players

DonnieX

  • Race: Terran Terran
  • League: Silver
  • Spawn Location: 11:00

Throwfordays - Winner!

  • Race: Protoss Protoss
  • League: Silver
  • Spawn Location: 5:00

VOD

Have the link to the VOD?

Description

Time

  • Played on: April 16, 2019, 1:33 p.m.
  • Length: 8:58
Show
View Real Time Build Order
Export as new Build Order

DonnieX Terran 

Build Orders:  

Get SALT Encoding   

  12  0:04  SCV  
  13  0:16  SCV  
  14  0:26  Supply Depot  
  14  0:28  SCV  
  15  0:49  Supply Depot  
  15  0:51  Supply Depot  
  15  1:01  Barracks  
  15  1:08  Refinery  
  15  1:44  Refinery  
  15  1:50  Barracks  
  15  1:51  Marine  
  16  2:08  Marine  
  17  2:26  Marine  
  18  2:44  Marine, Command Center  
  18  2:48  Barracks Tech Lab  
  19  2:59  Engineering Bay  
  19  3:02  Marine  
  20  3:18  Marauder  
  22  3:20  Marine  
  22  3:24  SCV  
  24  3:36  SCV  
  24  3:37  Marine  
  26  3:43  Missile Turret  
  26  3:48  SCV  
  26  3:53  Marauder  
  26  3:55  Marine  
  29  3:58  SCV  
  31  4:11  SCV  
  31  4:13  Marine  
  31  4:15  Bunker  
  33  4:19  SCV  
  34  4:32  SCV  
  34  4:34  Marauder  
  37  4:41  Missile Turret  
  37  4:44  SCV  
  38  4:47  Bunker  
  38  4:51  SCV  
  39  4:56  SCV  
  40  5:03  SCV  
  41  5:08  SCV  
  42  5:18  Refinery  
  42  5:20  Missile Turret  
  42  5:38  Factory  
  42  5:44  Ghost Academy  
  42  5:49  Missile Turret  
  42  5:51  Orbital Command  
  42  5:56  Terran Infantry Weapons Level 1  
  42  6:07  Barracks Reactor  
  42  6:08  Marine  
  43  6:16  Planetary Fortress  
  43  6:24  Missile Turret  
  43  6:26  Marine  
  43  6:28  Bunker  
  44  6:36  Factory Tech Lab  
  44  6:44  Marine  
  44  6:45  Starport  
  45  6:52  Concussive Shells  
  45  7:02  Marine  
  45  7:08  Refinery  
  46  7:13  Siege Tank  
  49  7:20  Marauder  
  49  7:21  Starport  
  51  7:23  Missile Turret  
  51  7:24  Starport Tech Lab  
  51  7:34  SCV  
  37  7:46  SCV  
  37  7:50  Hi-Sec Auto Tracking  
  36  7:58  SCV  
  36  8:02  Marine x2  
  36  8:03  Marine  
  29  8:20  Marine x3  
  38  8:38  Marine  
Show
View Real Time Build Order
Export as new Build Order

Throwfordays Protoss - Winner!

Build Orders:  

Get SALT Encoding   

  12  0:00  Probe  
  13  0:17  Pylon  
  13  0:19  Probe  
  14  0:31  Probe  
  15  0:37  Gateway  
  15  0:50  Probe  
  15  0:55  Assimilator  
  16  1:02  Probe  
  17  1:14  Probe  
  18  1:25  Cybernetics Core, Probe  
  19  1:33  Probe  
  20  1:41  Probe  
  20  1:45  Zealot  
  20  1:46  Pylon  
  23  2:07  Robotics Facility  
  23  2:16  Nexus  
  23  2:27  Probe  
  24  2:32  Assimilator  
  24  2:36  Adept  
  25  2:46  Gateway  
  25  2:49  Warp Gate  
  25  2:56  Gateway  
  25  3:08  Immortal  
  29  3:20  Probe  
  29  3:26  Probe  
  30  3:33  Probe  
  32  3:34  Probe  
  33  3:43  Probe  
  33  3:45  Probe  
  35  3:55  Probe  
  36  3:58  Probe  
  37  4:04  Adept  
  37  4:05  Immortal  
  37  4:07  Probe  
  40  4:10  Probe  
  45  4:19  Probe  
  46  4:25  Pylon  
  46  4:33  Pylon  
  46  4:36  Assimilator  
  46  4:43  Probe x2  
  46  4:44  Adept  
  50  4:48  Adept  
  50  4:52  Probe  
  52  4:55  Probe  
  54  5:00  Probe  
  54  5:04  Immortal  
  59  5:08  Probe  
  59  5:11  Pylon  
  60  5:14  Pylon  
  60  5:18  Probe  
  61  5:22  Probe  
  61  5:28  Gateway  
  62  5:31  Pylon  
  62  5:34  Stalker  
  64  5:41  Probe  
  65  5:43  Warp Prism  
  65  5:44  Assimilator  
  67  5:53  Probe  
  67  5:55  Probe  
  69  5:58  Stalker  
  69  6:00  Stalker  
  73  6:04  Stalker  
  73  6:05  Probe  
  73  6:07  Probe  
  77  6:16  Pylon  
  77  6:19  Observer, Gateway, Probe  
  77  6:20  Gateway  
  79  6:32  Probe  
  80  6:35  Gateway  
  80  6:37  Gateway  
  80  6:50  Robotics Bay  
  80  6:54  Nexus  
  80  6:56  Pylon  
  80  7:10  Adept  
  80  7:11  Adept x3  
  88  7:19  Adept  
  88  7:20  Adept  
  76  7:47  Stalker x5  
  76  7:48  Stalker x3  
  72  8:23  Stalker x4  
  72  8:24  Stalker x4  
  78  8:36  Stalker  
  78  8:37  Stalker x3  
  78  8:38  Stalker  
Tags
 
Add a new tag
Caveats
  • Supply blocks, unpowered buildings, or Contaminate may cause inaccurate times.
  • Supply counts are checked every 10 seconds.